 Dungeon Crawl Stone Soup version 0.31.0-1-g2c135a008e (webtiles) character file.

Game seed: 17544158347684727659

93 qw the Shooter (level 4, -2/35 HPs)
             Began as a Djinni Hunter on Jan 23, 2024.
             Slain by a black bear (5 damage)
             ... on level 3 of the Dungeon.
             The game lasted 00:00:06 (2133 turns).

qw the Shooter (Djinni Hunter)                      Turns: 2133, Time: 00:00:07

Health: -2/35      AC:  5    Str: 10    XL:     4   Next: 92%
Gold:   156        EV: 11    Int: 10    God:
                   SH:  0    Dex: 19

rFire   + + .        a - +0 shortbow
rCold   x . .        (shield currently unavailable)
rNeg    . . .        d - +0 ring mail
rPois   inf          (no helmet)
rElec   .            (no cloak)
rCorr   .            (no gloves)
SInv    .            (boots unavailable)
Will    .....        (no amulet)
Stlth   +            (no ring)
HPRegen 0.25/turn    (no ring)
MPRegen 0.00/turn

%: infuse magic (-3 HP)
@: flying
A: sickness immunity, fire resistance 2, cold vulnerability 1, float, innate
caster, HP casting, extra vitality 1
a: no special abilities


You were on level 3 of the Dungeon.
You visited 1 branch of the dungeon, and saw 3 of its levels.

You collected 156 gold pieces.


Innate Abilities, Weirdness & Mutations

You are immune to sickness and miasma.
You are immune to poison.
Your flesh is very heat resistant. (rF++)
You are vulnerable to cold. (rC-)
You float through the air rather than walking.
You learn spells naturally, not from books.
Your magical power is your life essence.
You have superior vitality. (+4 MHP)


   Skills:
 - Level 3.0 Fighting
 + Level 4.3 Ranged Weapons
 - Level 1.0 Armour
 - Level 2.1 Dodging
 - Level 0.7 Stealth


You knew the following spells:

 Your Spells              Type           Power      Damage    Failure   Level
a - Apportation           Tloc           0%         N/A       67%         1
Your spell library was empty.

Inventory:

Hand Weapons
 a - a +0 shortbow (weapon)
Armour
 d - a +0 ring mail (worn)
Jewellery
 h - a ring of see invisible
Scrolls
 i - a scroll of amnesia {unknown}
Potions
 b - 2 potions of might
 c - a potion of haste
 g - a potion of berserk rage {unknown}

Dungeon Overview and Level Annotations

Branches:
Dungeon (3/15)

Altars:
Zin


Message History

You kill the orc wizard!
You start resting.
You feel less attractive to monsters.
You feel a little less mighty now.
A black bear comes into view.
2069 ||| FLEEEEING.
2071 ||| FLEEEEING.
You start resting.
A black bear is nearby!
2117 ||| FLEEEEING.
You start resting.
A black bear is nearby!
You shoot an arrow. The arrow hits the black bear!
The black bear is moderately wounded.
You shoot an arrow. The arrow hits the black bear.
The black bear is heavily wounded.
You shoot an arrow.
The arrow hits the black bear but does no damage.
The black bear is heavily wounded.
You shoot an arrow. The arrow hits the black bear.
The black bear is severely wounded.
You shoot an arrow. The arrow hits the black bear.
The black bear is almost dead.
You shoot an arrow. The arrow hits the black bear.
The black bear is almost dead.
The black bear closely misses you. The black bear claws you.
The black bear barely misses you.
The black bear goes berserk!
You shoot an arrow. The arrow hits the black bear.
The black bear is almost dead.
The black bear closely misses you. The black bear barely misses you.
The black bear claws you. The black bear bites you!
The black bear claws you. x2
You shoot an arrow. The arrow hits the black bear.
The black bear is almost dead.
The black bear barely misses you. The black bear misses you.
The black bear claws you. The black bear bites you! The black bear misses you.
The black bear closely misses you.
You shoot an arrow.
The arrow closely misses the black bear.
The black bear barely misses you. The black bear claws you. x2
You die...

..........^.......# #..
.....#............# #..
..................###.. #
#....#.##..#.....###...
##.#..........#.#########.
.....###........#........
#....#######.#..#.#####..
#.............#.# #..
#..##h@....##...# #.#
#..$............# ##+#
#......#.#.....##..####...
#.###..#....<.........+...
#..#.#.)...###....#...
#..#.#.....# ####.....
#..####'#### ####..>. #..
#.# #.......
...####.#######.......


You could see a black bear (berserk).

Vanquished Creatures
  An orc wizard (D:3)
  3 adders
  A ribbon worm (D:3)
  4 orcs (D:3)
  4 ball pythons
  3 bats
  5 endoplasms
  A goblin (D:1)
  5 hobgoblins
  3 kobolds (D:1)
  A frilled lizard (D:1)
  2 rats (D:2)
33 creatures vanquished.

Notes
Turn   | Place    | Note
-------+----------+-------------------------------------------
     0 | D:1      | qw the Djinni Hunter began the quest for the Orb.
     0 | D:1      | Reached XP level 1. HP: 18/18 MP: 0/0
     0 | D:1      | 0 ||| qw: Version: 0.3-a-132-g3d54051
     0 | D:1      | 0 ||| qw: Game counter: 648
     0 | D:1      | 0 ||| qw: Melee chars always use a shield: true
     0 | D:1      | 0 ||| qw: God list: Okawaru
     0 | D:1      | 0 ||| qw: Allow faded altars: false
     0 | D:1      | 0 ||| qw: Do Orc after clearing Dungeon:15 true
     0 | D:1      | 0 ||| qw: Do second Lair branch before Depths: true
     0 | D:1      | 0 ||| qw: Lair rune preference: random
     0 | D:1      | 0 ||| qw: Goals: Normal
     0 | D:1      | 0 ||| PLANNING D:1-11
   168 | D:1      | Reached XP level 2. HP: 23/23 MP: 0/0
   821 | D:1      | 821 ||| UPGRADING to +0 ring mail.
   831 | D:1      | 831 ||| DROPPING +0 leather armour.
   832 | D:1      | 832 ||| READING scroll labelled QUTIRPH QUERIOTA.
   836 | D:1      | 836 ||| DROPPING scroll of butterflies.
   950 | D:2      | Reached skill level 4 in Ranged Weapons
   950 | D:2      | Reached XP level 3. HP: 26/28 MP: 0/0
   950 | D:2      | Learned a level 1 spell: Apportation
  1005 | D:2      | Reached skill level 1 in Armour
  1342 | D:2      | 1342 ||| FLEEEEING.
  1468 | D:2      | 1468 ||| READING scroll labelled WOZOBU SOOM.
  1468 | D:2      | 1468 ||| IDENTIFYING black potion
  1469 | D:2      | 1469 ||| READING scroll labelled MAHEK HUSUT.
  1556 | D:3      | Found a glowing silver altar of Zin.
  1628 | D:3      | Reached XP level 4. HP: 34/34 MP: 0/0
  1980 | D:3      | 1980 ||| DRINKING 3 yellow potions.
  1981 | D:3      | 1981 ||| DRINKING purple potion.
  1982 | D:3      | 1982 ||| DRINKING 2 ruby potions.
  1990 | D:3      | HP: 3/34 [orc/+0 whip (6)]
  1990 | D:3      | HP: 1/34 [something (2)]
  1993 | D:3      | 1993 ||| DRINKING potion of curing.
  1993 | D:3      | 1993 ||| (to cure confusion)
  1999 | D:3      | Reached skill level 3 in Fighting
  1999 | D:3      | 1999 ||| FLEEEEING.
  2002 | D:3      | HP: 6/35 [orc wizard/+0 dagger (3)]
  2003 | D:3      | HP: 2/35 [orc wizard/+0 dagger (4)]
  2068 | D:3      | Noticed a black bear
  2069 | D:3      | 2069 ||| FLEEEEING.
  2071 | D:3      | 2071 ||| FLEEEEING.
  2117 | D:3      | 2117 ||| FLEEEEING.
  2132 | D:3      | HP: 6/35 [black bear (8)]
  2133 | D:3      | Slain by a black bear

Levels and vault maps discovered:
D:1:      psy_arrival_dodecagon, layout_basic,
          wander_ebering_terrifying_dragon_lair
D:2:      layout_basic, serial_rivers, chequers_serial_rivers_small_b,
          chequers_serial_rivers_large_a, chequers_serial_rivers_micro_a,
          chequers_serial_rivers_micro_a, chequers_serial_rivers_room_b,
          chequers_serial_rivers_micro_a
D:3:      layout_basic, lemuel_tele_altar

Skill      XL: |  1  2  3  4 |
---------------+-------------+-----
Ranged Weapons | 4 |  4.3
Armour         | 1 |  1.0
Fighting       | 3 |  3.0
Dodging        | |  2.1
Stealth        | |  0.7

Action                     |  1- 3 |  4- 6 || total
---------------------------+-------+-------++-------
   Fire: Shortbow          |    71 |    47 ||   118
    Use: Scroll            |     3 |       ||     3
         Potion            |       |     4 ||     4
 Armour: Ring mail         |     5 |    55 ||    60
  Dodge: Dodged            |     8 |    31 ||    39

Table legend:
 A = Non-vault XP
 B = Vault XP
 C = Vault XP percentage of total XP
 D = Non-vault monster count
 E = Vault monster count
 F = Vault count percentage of total count
                 A         B        C        D         E       F
            +---------+---------+-------+---------+---------+-------
      Total |     133 |       1 |   0.7 |      32 |       1 |   3.0
            +---------+---------+-------+---------+---------+-------
        D:1 |      21 |       1 |   4.5 |      11 |       1 |   8.3
        D:2 |      43 |       0 |   0.0 |      12 |       0 |   0.0
        D:3 |      69 |       0 |   0.0 |       9 |       0 |   0.0
            +---------+---------+-------+---------+---------+-------
